 Dungeon Crawl Stone Soup version 0.19.1 (webtiles) character file.

396 Firecrotchwizard the Chopper (level 6, -5/57 HPs)
             Began as a Hill Orc Fighter on Nov 25, 2016.
             Was an Initiate of Beogh.
             Slain by a yak (11 damage)
             ... on level 4 of the Dungeon.
             The game lasted 00:09:09 (2575 turns).

Firecrotchwizard the Chopper (Hill Orc Fighter)     Turns: 2575, Time: 00:09:10

Health: -5/57      AC: 11    Str: 20    XL:     6   Next: 82%
Magic:  6/6        EV:  5    Int:  8    God:    Beogh [......]
Gold:   195        SH:  9    Dex: 11    Spells: 0 memorised, 5 levels left

rFire  . . .     SeeInvis .     a - +0 war axe
rCold  . . .     Gourm    .     m - +0 chain mail
rNeg   . . .     Faith    .     c - +0 shield
rPois  .         Spirit   .     e - +0 helmet
rElec  .         Reflect  .     (no cloak)
rCorr  .         Harm     .     t - +0 pair of gloves
MR     .....                    (no boots)
Stlth  ..........               (no amulet)
                                (no ring)
                                r - ring of flight

@: no status effects
A: no striking features
a: Renounce Religion, Evoke Flight


You were on level 4 of the Dungeon.
You worshipped Beogh.
Beogh was noncommittal.
You were hungry.

You visited 1 branch of the dungeon, and saw 4 of its levels.

You collected 195 gold pieces.

Inventory:

Hand Weapons
 a - a +0 war axe (weapon)
Armour
 c - a +0 shield (worn)
 e - a +0 helmet (worn)
 m - a +0 chain mail (worn)
 t - a +0 pair of gloves (worn)
Jewellery
 r - a ring of flight (left hand)
Wands
 o - a wand of flame (28/48)
Scrolls
 b - 3 scrolls of teleportation
 g - a scroll of enchant armour {unknown}
 k - 2 scrolls of identify
 p - a scroll of blinking {unknown}
 q - a scroll of remove curse {unknown}
 w - 2 scrolls of enchant weapon {unknown}
 x - a scroll of recharging {unknown}
 y - a scroll of noise {unknown}
 z - 2 scrolls of amnesia {unknown}
Potions
 d - 4 potions of might
 h - 2 potions of lignification {unknown}
 i - a potion of resistance {unknown}
 l - a potion of magic {unknown}
 s - 3 potions of curing
 u - a potion of heal wounds {unknown}
Comestibles
 f - 3 bread rations
 j - a beef jerky
 v - a meat ration


   Skills:
 * Level 5.7 Fighting
 * Level 5.9 Axes
 + Level 4.2 Armour
 + Level 4.6 Shields


You had 5 spell levels left.
You didn't know any spells.

Dungeon Overview and Level Annotations

Branches:
Dungeon (4/15)
 Temple: D:4-7

Altars:
Fedhas
Uskayaw


Message History

The yak is lightly wounded.
You block the yak's attack. The yak gores you!
* * * LOW HITPOINT WARNING * * *
You barely miss the yak.
The yak is lightly wounded.
You block the yak's attack.
You slash the yak!
The yak is moderately wounded.
You block the yak's attack. The yak gores you but does no damage.
You completely miss the yak.
The yak is moderately wounded.
The yak gores you.
* * * LOW HITPOINT WARNING * * *
Your shield and chain mail prevent you from hitting the yak.
The yak is moderately wounded.
You block the yak's attack.
You slash the yak!
The yak is heavily wounded.
The yak gores you!
You die...

#.........##############.
#.####.##.# #. #..#
#.##.# #. #..# #.##.# #.
########..###.##.# #.
............#.##.# #.
########......o..# #.
#####..#.oY########## #.
#........oYY@........
#......##.o##########
+......###.# #...Y......#
.....oYY.......#
......o.........
..(.............
................(
...............


You could see 3 yaks and 3 orcs.

Vanquished Creatures
  A yak (D:4)
  A black bear (D:4)
  An orc wizard (D:4)
  4 adders
  3 worms
  5 dart slugs
  5 leopard geckos
  A ball python (D:3)
  5 giant cockroaches
  5 goblins
  7 hobgoblins
  5 jackals (D:2)
  2 quokkas
  4 bats
  4 frilled lizards
  8 kobolds
  22 rats
83 creatures vanquished.

Vanquished Creatures (others)
  An orc priest (D:4)
  A worker ant (D:4)
2 creatures vanquished.

Grand Total: 85 creatures vanquished

Notes
Turn   | Place    | Note
-------+----------+-------------------------------------------
     0 | D:1      | Firecrotchwizard the Hill Orc Fighter began the quest for the Orb.
     0 | D:1      | Reached XP level 1. HP: 19/19 MP: 1/1
    73 | D:1      | Reached XP level 2. HP: 26/27 MP: 2/2
   485 | D:1      | Reached XP level 3. HP: 33/33 MP: 3/3
   866 | D:2      | Found a hide-covered altar of Uskayaw.
   958 | D:2      | You fall through a shaft!
   989 | D:3      | Reached XP level 4. HP: 31/40 MP: 4/4
  1276 | D:2      | Found a faded altar of an unknown god.
  1445 | D:2      | Found a blossoming altar of Fedhas.
  1935 | D:3      | Reached XP level 5. HP: 46/47 MP: 5/5
  2392 | D:4      | Noticed a black bear
  2405 | D:4      | Killed a black bear
  2405 | D:4      | Reached skill level 5 in Fighting
  2405 | D:4      | Reached skill level 5 in Axes
  2405 | D:4      | Reached XP level 6. HP: 33/56 MP: 6/6
  2534 | D:4      | Became a worshipper of Beogh the Brigand
  2535 | D:4      | Noticed a yak
  2536 | D:4      | Noticed a yak
  2536 | D:4      | Noticed a yak
  2537 | D:4      | Noticed a yak
  2539 | D:4      | Noticed a yak
  2569 | D:4      | Killed a yak
  2575 | D:4      | Slain by a yak

Skill      XL: |  1  2  3  4  5 |
---------------+----------------+-----
Axes           | 3 4 5 |  5.9
Fighting       | 4 5 |  5.7
Shields        | 4 |  4.6
Armour         | 4 |  4.2

Action                   |  1- 3 |  4- 6 || total
-------------------------+-------+-------++-------
Melee: War axe           |   139 |   164 ||   303
Throw: Javelin           |       |     4 ||     4
Invok: Convert to Beogh  |       |     1 ||     1
  Use: Scroll            |       |     2 ||     2
  Eat: Chunk             |     1 |     3 ||     4
       Pizza             |       |     1 ||     1
Armor: Scale mail        |    37 |       ||    37
       Chain mail        |    38 |   102 ||   140
Dodge: Dodged            |    40 |    38 ||    78
Block: Shield            |    65 |    79 ||   144
